 Dungeon Crawl Stone Soup version 0.17-a0-777-g32247ce (webtiles) character file.

105 Pnognoglozu the Distorting Demonspawn (level 4, -1/36 HPs)
             Began as a Demonspawn Abyssal Knight on Apr 25, 2015.
             Was a Believer of Lugonu.
             Killed by a spatial distortion (2 damage)
             ... on level 3 of the Dungeon.
             The game lasted 00:06:20 (1864 turns).

Pnognoglozu the Distorting Demonspawn (DsAK)        Turns: 1864, Time: 00:06:20

Health: -1/36      AC:  3    Str: 12    XL:     4   Next: 54%
Magic:  5/6        EV: 12    Int: 14    God:    Lugonu [**....]
Gold:   68         SH:  0    Dex: 18    Spells: 0 memorised, 3 levels left

rFire  . . .     SeeInvis .     a - +1 falchion
rCold  . . .     Clarity  .     b - +0 leather armour
rNeg   . . .     SustAb   .     (no shield)
rPois  .         Gourm    .     (no helmet)
rElec  .         Spirit   .     (no cloak)
rCorr  .         Warding  .     (no gloves)
rMut   .         Stasis   .     (no boots)
MR     .....                    (no amulet)
Stlth  +.........               h - ring of loudness (curse)
                                k - +3 ring of dexterity

@: slowed, very slow, not resistant to hostile enchantments, very unstealthy
A: thin skeletal structure 1, powered by death 1
a: Depart the Abyss, Bend Space, Renounce Religion


You were on level 3 of the Dungeon.
You worshipped Lugonu.
Lugonu was pleased with you.
You were hungry.

You visited 1 branch of the dungeon, and saw 4 of its levels.
You visited the Abyss 1 time.

You collected 68 gold pieces.

Inventory:

Hand weapons
 a - a +1 falchion (weapon)
Armour
 b - a +0 leather armour (worn)
Jewellery
 d - an uncursed ring of positive energy
 h - a cursed ring of loudness (right hand)
 k - a +3 ring of dexterity (left hand)
 q - an uncursed amulet of stasis
Scrolls
 e - a scroll of magic mapping {unknown}
 g - 3 scrolls of noise {unknown}
 m - a scroll of teleportation {unknown}
 o - a scroll of fear {unknown}
 r - a scroll of remove curse {unknown}
 s - a scroll of identify {unknown}
Potions
 f - 2 potions of mutation {unknown}
 l - a potion of invisibility {unknown}
 n - a potion of curing {unknown}
 p - 2 potions of agility {unknown}
Comestibles
 c - 2 bread rations
 i - 3 meat rations
 j - 3 chunks of flesh


   Skills:
 + Level 3.6 Fighting
 + Level 2.4 Long Blades
 + Level 2.2 Armour
 + Level 1.7 Dodging
 + Level 3.9 Invocations


You had 3 spell levels left.
You didn't know any spells.

Dungeon Overview and Level Annotations

Branches:
Dungeon (4/15)
 Temple: D:4-7

Altars:


Innate Abilities, Weirdness & Mutations

You have a somewhat thin skeletal structure (Dex +2, Stealth).
You can steal the life force of nearby defeated enemies.


Message History

You closely miss the orc wizard.
The orc wizard is heavily wounded.
The orc wizard hits you but does no damage.
The orc wizard closely misses you.
You hit the orc wizard.
The orc wizard is severely wounded.
The orc wizard hits you with a dagger.
* * * LOW HITPOINT WARNING * * *
The orc wizard hits you with a dagger.
* * * LOW HITPOINT WARNING * * *
The orc wizard closely misses you.
Use which ability? (? or * to list) Space bends around you!
You blink.
* * * LOW HITPOINT WARNING * * *
You are feeling hungry.
The orc wizard mumbles some strange words.
The orc wizard blinks!
Use which ability? (? or * to list) Space bends around you!
You blink.
You die...

. #.......# .
....?#.##.##.# #.
...#?#.#..##.# #(
#.##.#.#.###.# #>
#.##%#.#.###.#
##.##.##.#.......#
##...$....###.#####
####.#.#..##.# #.#
........##.@#)###.#
#.§..#.)....#
#.......#####
###§.#### #.#o#
#.##.# ## ... ...#
#...#


You could see an orc wizard.

Vanquished Creatures
  A hound (D:4)
  Robin (D:2)
  2 adders (D:2)
  3 worms (D:2)
  3 orcs (D:3)
  A giant cockroach (D:2)
  4 hobgoblins
  3 jackals (D:2)
  4 bats
  12 goblins
  6 kobolds
  A quokka (D:2)
41 creatures vanquished.

Notes
Turn   | Place    | Note
--------------------------------------------------------------
     0 | Abyss:1  | Pnognoglozu, the Demonspawn Abyssal Knight, began the quest for the Orb.
     0 | Abyss:1  | Reached XP level 1. HP: 18/18 MP: 2/2
    20 | D:1      | Escaped the Abyss
   228 | D:1      | Reached skill level 1 in Dodging
   516 | D:1      | Gained mutation: You can steal the life force of nearby defeated enemies. [demonic ancestry]
   516 | D:1      | Reached XP level 2. HP: 17/24 MP: 4/4
  1040 | D:2      | Acquired Lugonu's second power
  1040 | D:2      | Gained mutation: You have a somewhat thin skeletal structure (Dex +2, Stealth). [demonic ancestry]
  1040 | D:2      | Reached XP level 3. HP: 16/29 MP: 5/5
  1578 | D:2      | Noticed Robin
  1591 | D:2      | Killed Robin
  1595 | D:2      | Reached XP level 4. HP: 35/35 MP: 6/6
  1654 | D:2      | You fall through a shaft for 2 floors!
  1863 | D:3      | HP: 1/36 [spatial distortion (3)]
  1864 | D:3      | Killed by a spatial distortion

Action                   |  1- 3 |  4- 6 || total
-------------------------+-------+-------++-------
Melee: Falchion          |   123 |    48 ||   171
Invok: Bend Space        |     2 |     1 ||     3
  Eat: Chunk             |     2 |     1 ||     3
